Map: Bel'Shir Vestige LE (Void)

Players

Pono - Winner!

  • Race: Zerg Zerg
  • Spawn Location: 11:00

benttwig

  • Race: Zerg Zerg
  • Spawn Location: 5:00

Event: WCS Austin 2017

VOD

Have the link to the VOD?

Description

Time

  • Played on: April 28, 2017, 3:13 p.m.
  • Length: 4:26

All games in this series

Show
View Real Time Build Order
Export as new Build Order

Pono Zerg - Winner!

Build Orders: Pool First 

Get SALT Encoding   

  12  0:04  Drone  
  13  0:08  Drone  
  14  0:18  Overlord  
  14  0:26  Drone, Extractor  
  15  0:38  Drone x2  
  17  0:46  Spawning Pool  
  17  0:49  Drone  
  17  1:13  Hatchery  
  16  1:32  Queen  
  16  1:34  Zergling x6  
  16  1:38  Extractor  
  20  1:45  Overlord  
  20  2:01  Drone  
  21  2:06  Drone  
  21  2:08  Queen  
  24  2:26  Drone  
  24  2:27  Drone  
  26  2:35  Zergling x2  
  27  2:43  Drone  
  27  2:44  Zergling x8  
  32  2:51  Overlord  
  32  2:52  Zergling x2  
  32  2:57  Zergling x2  
  34  3:03  Zergling x2  
  35  3:11  Zergling x2  
  36  3:24  Zergling x8  
  36  3:25  Zergling x6  
  43  3:31  Drone  
  43  3:33  Drone, Roach Warren  
  44  3:42  Overlord  
  44  3:56  Overlord  
  44  4:04  Zergling x16  
  45  4:17  Spine Crawler  
Show
View Real Time Build Order
Export as new Build Order

benttwig Zerg 

Build Orders: Pool First 

Get SALT Encoding   

  12  0:01  Drone  
  13  0:10  Drone  
  14  0:23  Overlord  
  14  0:35  Spawning Pool  
  13  0:36  Drone  
  13  0:41  Extractor  
  13  0:43  Drone  
  13  0:49  Drone  
  15  1:00  Drone  
  16  1:05  Drone  
  16  1:10  Drone  
  18  1:20  Drone  
  19  1:27  Queen  
  19  1:30  Drone  
  22  1:49  Overlord  
  22  1:51  Hatchery  
  21  1:55  Zergling x2  
  21  2:00  Metabolic Boost  
  22  2:09  Zergling x2  
  23  2:16  Drone  
  24  2:25  Zergling x2  
  25  2:30  Roach Warren  
  24  2:40  Overlord  
  24  2:48  Zergling x6  
  27  2:51  Pneumatized Carapace  
  27  2:59  Overlord  
  27  3:14  Roach x2  
  31  3:25  Roach  
  31  3:26  Roach  
  35  3:45  Overlord  
  34  3:50  Overlord  
Tags
 
Add a new tag
Caveats
  • Supply blocks, unpowered buildings, or Contaminate may cause inaccurate times.
  • Supply counts are checked every 10 seconds.